 Dungeon Crawl Stone Soup version 0.28-a0-10-g964c8b829e (webtiles) character file.

Game seed: 12067669906388442908

655 wakim the Firebug (level 7, -8/54 HPs)
             Began as a Gargoyle Fire Elementalist on July 25, 2021.
             Was an Initiate of Vehumet.
             Mangled by an orc warrior (11 damage)
             ... on level 6 of the Dungeon.
             The game lasted 00:10:08 (4647 turns).

wakim the Firebug (Gargoyle Fire Elementalist)      Turns: 4647, Time: 00:10:08

Health: -8/54      AC: 23    Str: 11    XL:     7   Next: 54%
Magic:  17/20      EV:  2    Int: 18    God:    Vehumet [......]
Gold:   76         SH:  0    Dex: 10    Spells: 8/12 levels left

rFire   + . .      SeeInvis .   a - +0 spear
rCold   x . .      Faith    .   (no shield)
rNeg    + + +      Spirit   .   (armour currently unavailable)
rPois   ∞          Reflect  .   (helmet currently unavailable)
rElec   .          Harm     .   (cloak currently unavailable)
rCorr   .          Rampage  .   (gloves currently unavailable)
Will    .....      NoTele   +   (boots currently unavailable)
Stlth   ++........              i - amulet of the acrobat
HPRegen 0.18/turn               h - ring of fire
MPRegen 0.17/turn               c - ring of magical power

@: tree-form
A: stationary, stasis, torment immunity, boosted hp, sickness immunity, AC +4,
negative energy resistance 1, (electricity resistance), torment resistance 1,
petrification resistance
a: Renounce Religion


You were on level 6 of the Dungeon.
You worshipped Vehumet.
Vehumet was noncommittal.
You were a tree.
You visited 1 branch of the dungeon, and saw 7 of its levels.

You collected 141 gold pieces.
You spent 65 gold pieces at shops.

Inventory:

Hand Weapons
 a - a +0 spear (weapon)
Missiles
 e - 5 atropa-tipped darts
Armour
 d - a +1 robe (melded)
 g - a +0 pair of boots (melded)
Jewellery
 c - a ring of magical power (right branch)
 h - a ring of fire (left branch)
 i - an amulet of the acrobat (around neck)
 j - a ring of resist corrosion
Wands
 v - a wand of flame (13)
Scrolls
 k - a scroll of enchant armour
Potions
 f - a potion of haste {unknown}
 A - a potion of ambrosia
 C - a potion of berserk rage {!q}
 L - 2 potions of lignification {!q}
 N - a potion of might


   Skills:
 + Level 4.2 Dodging
 - Level 2.1 Stealth
 - Level 3.0 Spellcasting
 - Level 3.0 Conjurations
 - Level 6.0 Fire Magic


You had 8 spell levels left.
You knew the following spells:

 Your Spells              Type           Power      Damage    Failure   Level
a - Foxfire               Conj/Fire      100%       2x1d9     2%          1
b - Inner Flame           Hex/Fire       20%        N/A       14%         3

Your spell library contained the following spells:

 Spells                   Type           Power      Damage    Failure   Level
 Conjure Flame            Conj/Fire      28%        6-21      8%          3
 Sticky Flame             Conj/Fire      28%        2d5       26%         4
 Fireball                 Conj/Fire      14%        3d8       56%         5
 Cause Fear               Hex            1%         N/A       85%         4
 Discord                  Hex            1%         N/A       100%        8


Dungeon Overview and Level Annotations

Branches:
Dungeon (7/15)
 Temple: D:4-7

Altars:
Ashenzari
Elyvilon
Okawaru
Qazlal
Vehumet
Yredelemnul

Shops:
D:1 (   D:7 ?


Innate Abilities, Weirdness & Mutations

You are a tree.
Your roots penetrate the ground, keeping you stationary.
You cannot be teleported.
You are immune to unholy pain and torment.
Your maximum health is greatly increased.
Your equipment is partially melded.
You are immune to sickness and miasma.
((Your stone body is resilient. (AC +4)))
You are immune to poison.
You resist negative energy. (rN+)
((You are resistant to electric shocks. (rElec)))
You are resistant to unholy torment.
You are immune to petrification.


Message History

The orc warrior hits your foxfire with a +0 war axe!
The orc warrior barely misses your foxfire.
The foxfire hits the orc warrior but does no damage.
The orc warrior is lightly wounded.
The foxfire hits the orc warrior but does no damage.
The orc warrior is lightly wounded.
The orc warrior hits you with a +0 war axe!!
Ouch! That really hurt!
* * * LOW HITPOINT WARNING * * *
The orc priest looks encouraged for a moment.
You see here a +0 quarterstaff.
There is a stone staircase leading up here.
The orc warrior closely misses you.
You climb upwards.
There is a stone staircase leading down here.
Casting: Foxfire (safe; 2% risk of failure)
Confirm with . or Enter, or press ? or * to list all spells.
Okay, then.
Casting: Foxfire (safe; 2% risk of failure)
Confirm with . or Enter, or press ? or * to list all spells.
The spell is quite dangerous to cast (14% risk of failure)!
Continue anyway?
Okay, then.
The orc warrior hits you with a +0 war axe!
* * * LOW HITPOINT WARNING * * *
You climb downwards.
The orc misses you.
There is a stone staircase leading up here.
As you read the scroll labelled ISOZ TEONOT, it crumbles to dust.
You feel aware of your surroundings.
It was a scroll of magic mapping.
The orc hits you but does no damage. The orc warrior misses you.
As you read the scroll of teleportation, it crumbles to dust.
You feel strangely unstable. The orc barely misses you.
The orc warrior closely misses you.
Really quaff
L - 3 potions of lignification {!q}?
Really quaff the potion of lignification?
You turn into a tree.
Your +0 pair of boots melds into your body.
Your +1 robe melds into your body.
Your roots penetrate the ground.
You feel strangely stable. The orc hits you but does no damage.
The orc warrior hits you with a +0 war axe!
You die...

#.########.# #......#
#.# #^####.# #)# #.#
#.# #.# #.#* #.# #)#
#..* #>#
#.###********** ##.*
#.# #)#..,,,,,,,,,*
**.* #.#
#.#.#######*,** **.#
#.###.#.#oo♣o.#*,* **,*
#...#.#.#)###.#*,*
##+#######.#.#.# *,#*,*
#............oo#**,**,*
#......###.#.###,*,**,*
#......# #.#...,,*,**,*
#......# #.#####,*,**,*
#......# #.# *,*,*,**,*
#......# #.# *,*,*,**,*


You could see an orc warrior, an orc priest and an orc.

Vanquished Creatures
  A hornet (D:7)
  Menkaure (D:7)
  A necrophage (D:6)
  A bullfrog zombie (D:6)
  Jessica (D:3)
  An orc wizard (D:6)
  A gnoll (D:1)
  6 adders
  3 worms
  2 dart slugs
  3 orcs (D:6)
  14 endoplasms
  7 giant cockroaches
  6 goblins
  5 hobgoblins
  4 jackals (D:1)
  2 quokkas
  6 ball pythons
  2 bats
  A frilled lizard (D:2)
  6 kobolds
74 creatures vanquished.

Vanquished Creatures (others)
  279 foxfires
279 creatures vanquished.

Grand Total: 353 creatures vanquished

Notes
Turn   | Place    | Note
-------+----------+-------------------------------------------
     0 | D:1      | wakim the Gargoyle Fire Elementalist began the quest for
                  | the Orb.
     0 | D:1      | Reached XP level 1. HP: 10/10 MP: 3/3
   127 | D:1      | Found Jomnitho's Weapon Shop.
   270 | D:1      | Reached XP level 2. HP: 15/15 MP: 3/5
   588 | D:1      | Reached XP level 3. HP: 19/19 MP: 4/6
  1763 | D:2      | Reached skill level 4 in Fire Magic
  1775 | D:2      | Reached XP level 4. HP: 24/24 MP: 7/7
  1829 | D:2      | Learned a level 3 spell: Inner Flame
  3245 | D:3      | Reached XP level 5. HP: 28/28 MP: 8/8
  3338 | D:3      | Noticed Jessica
  3345 | D:3      | Killed Jessica
  3745 | D:3      | Found an iron altar of Okawaru.
  3749 | D:3      | Found a radiant altar of Vehumet.
  3752 | D:3      | Found a broken altar of Ashenzari.
  3753 | D:3      | Found a basalt altar of Yredelemnul.
  3754 | D:3      | Found a stormy altar of Qazlal.
  3756 | D:3      | Found a white marble altar of Elyvilon.
  3766 | D:3      | Became a worshipper of Vehumet
  4171 | D:4      | You fall into a shaft and drop 3 floors!
  4184 | D:6      | You fall into a shaft and drop 1 floor!
  4193 | D:7      | Noticed Menkaure
  4202 | D:7      | Killed Menkaure
  4203 | D:7      | Reached skill level 5 in Fire Magic
  4203 | D:7      | Reached XP level 6. HP: 27/32 MP: 10/10
  4278 | D:7      | Found Jipsidan's Magic Scroll Emporium.
  4284 | D:7      | Bought a scroll of identify for 26 gold pieces
  4284 | D:7      | Bought a scroll of teleportation for 39 gold pieces
  4322 | D:7      | Noticed a hornet
  4331 | D:7      | Killed a hornet
  4332 | D:7      | Reached skill level 6 in Fire Magic
  4332 | D:7      | Reached XP level 7. HP: 23/36 MP: 11/11
  4642 | D:5      | Entered Level 5 of the Dungeon
  4643 | D:5      | HP: 1/36 [orc warrior (17)]
  4647 | D:6      | Mangled by an orc warrior

Illustrated notes

Levels and vault maps discovered:
D:1:      dpeg_arrival_rhombi, layout_loops_ring, serial_shops, shop,
          serial_glass, glass_columns_a, glass_columns_b, glass_columns_c,
          glass_columns_c, grunt_decor_clamped, dk_noncrumbling_3
D:2:      layout_basic, minmay_worlds_worst_comb
D:3:      layout_loops_corners, minitemple, uniq_jessica
D:4:      layout_basic
D:5:      layout_basic, minmay_misc_feat_tiny, uniq_duvessa
D:6:      layout_basic, uniq_blork_the_orc, uniq_pikel, uniq_maggie
D:7:      layout_cave_pods, temple_statues, serial_shops, shop, uniq_menkaure

Skill      XL: |  1  2  3  4  5  6  7 |
---------------+----------------------+-----
Dodging        | 2 3 4 |  4.2
Conjurations   | 2 3 |  3.0
Fire Magic     | 4 5 6 |  6.0
Spellcasting   | 3 |  3.0
Stealth        | |  2.1

Action                   |  1- 3 |  4- 6 |  7- 9 || total
-------------------------+-------+-------+-------++-------
Melee: Short sword       |    10 |       |       ||    10
       Spear             |     2 |     9 |       ||    11
 Cast: Foxfire           |    52 |    88 |    27 ||   167
  Use: Scroll            |     5 |     3 |     2 ||    10
       Potion            |       |       |     1 ||     1
 Stab: Sleeping          |     2 |     1 |       ||     3
Armor: Robe              |    12 |     2 |     2 ||    16
       Skin              |       |       |     1 ||     1
Dodge: Dodged            |    25 |    11 |     9 ||    45

Table legend: (Time is in decaauts)
 A = Elapsed time spent in this place.
 B = Non-inter-level travel time spent in this place.
 C = Inter-level travel time spent in this place.
 D = Time resting spent in this place.
 E = Time spent auto-exploring this place.
 F = Levels seen in this place.
 G = Mean time per level.
                   A        B        C        D        E       F      G
               +--------+--------+--------+--------+--------+-----+--------+
         Total |   4647 |   4533 |    114 |    145 |   3585 |   7 |  663.9 |
       Dungeon |   4647 |   4533 |    114 |    145 |   3585 |   7 |  663.9 |
               +--------+--------+--------+--------+--------+-----+--------+

Top non-repeatable levels by time:
     D:2: 1394 daAuts
     D:1: 1302 daAuts
     D:3: 1286 daAuts
     D:7: 291 daAuts
     D:4: 187 daAuts
     D:6: 183 daAuts
     D:5: 1 daAuts
